[Event "Early-Titled-Tuesday-Blitz-January-30-2024"]
[Site "Chess.com"]
[Date "2024.01.30"]
[Round "2"]
[White "HanSchut"]
[Black "Muslim_player_05"]
[Result "1-0"]
[WhiteElo "2272"]
[BlackElo "2507"]
[TimeControl "180+1"]
[EndTime "8:17:44 PST"]
[Termination "HanSchut won by checkmate"]

1. e4 e5 2. Nf3 Nc6 3. Bc4 Bc5 4. c3 Nf6 5. d4 exd4 6. b4 Bb6 7.
e5 d5 8. exf6 dxc4 9. Qe2+ Be6 10. b5 d3 11. Qe4 Na5 12. fxg7 Rg8 13. Bg5 Qd5 14. Qxh7 Kd7 15. O-O Bf5 16. Qh6 Rae8 17. Nbd2 Re2 18. Rae1 c6 19. Bf6 Be4 20. Ne5+ Kc7 21.
Nxe4 Qxe4 22. Rb1 cxb5 23. Qh8 d2 24. Qxg8 Bxf2+ 25. Kh1 Bh4 26. Qd8# 1-0

[Event "Early-Titled-Tuesday-Blitz-January-30-2024"]
[Site "Chess.com"]
[Date "2024.01.30"]
[Round "2"]
[White "aksuliini1"]
[Black "MITerryble"]
[Result "0-1"]
[WhiteElo "2526"]
[BlackElo "2981"]
[TimeControl "180+1"]
[EndTime "8:17:45 PST"]
[Termination "MITerryble won by resignation"]

1. e4 e6 2. d4 d5 3. exd5 exd5 4. h3 Nc6 5. Nf3 Nf6 6. c4 Bb4+ 7. Bd2 Bxd2+ 8. Nbxd2 O-O 9. Be2 dxc4 10. Nxc4 Be6 11. O-O Re8 12. Rc1 Nd5 13. Qd2 Qf6 14. Nfe5 Nxe5 15. Nxe5 Nf4 16. Bf3 c6 17. Rfe1 Qg5 18. Kh2 Nxh3 19. Qxg5 Nxg5 20. a3 f6 21. Nd3 Nxf3+ 22.
gxf3 Rad8 23. Nc5 Bc8 24. Rcd1 Rxe1 25. Rxe1 Kf7 26. Rd1 Rd5 27. Kg3 b6 28. Ne4 c5 29.
Nc3 Rxd4 30. Rxd4 cxd4 31. Nb5 d3 32. Kf4 d2 33. Nc3 h5 34. Ke3 h4 35. Kxd2 h3 36. Ne4 h2 37. Ng3 Bh3 38. Nf1 Bxf1 0-1

[Event "Early-Titled-Tuesday-Blitz-January-30-2024"]
[Site "Chess.com"]
[Date "2024.01.30"]
[Round "2"]
[White "tolia123"]
[Black "DeArron_Fox"]
[Result "0-1"]
[WhiteElo "2103"]
[BlackElo "2465"]
[TimeControl "180+1"]
[EndTime "8:17:46 PST"]
[Termination "DeArron_Fox won on time"]

1. d4 d5 2. Nc3 Nf6 3. Bf4 a6 4. e3 c5 5. dxc5 e6 6. b4 b6 7. Nf3 bxc5 8. bxc5 Bxc5 9. Bd3 Bb4 10. Qd2 Qa5 11. Be5 Nc6 12. Bxf6 gxf6 13. O-O Bxc3 14. Qe2 Bxa1 15. Rxa1 e5 16. e4 d4 0-1

[Event "Early-Titled-Tuesday-Blitz-January-30-2024"]
[Site "Chess.com"]
[Date "2024.01.30"]
[Round "2"]
[White "LuisFSiles"]
[Black "whiteglovethief"]
[Result "0-1"]
[WhiteElo "2222"]
[BlackElo "2511"]
[TimeControl "180+1"]
[EndTime "8:17:48 PST"]
[Termination "whiteglovethief won by checkmate"]

1. e4 c5 2. Nf3 d6 3. Bb5+ Bd7 4.
Bxd7+ Qxd7 5. O-O Nc6 6. c3 Nf6 7. Re1 e6 8. d4 cxd4 9. cxd4 d5 10.
e5 Ne4 11. Nbd2 Nxd2 12. Bxd2 Be7 13. Rc1 O-O 14. Rc3 Bb4 15. Rd3 Bxd2 16. Qxd2 Rac8 17. h4 f5 18. exf6 Rxf6 19. Rde3 h6 20. Ne5 Nxe5 21.
Rxe5 Rcf8 22. f3 Kh8 23. Qe3 Qa4 24. a3 Qc2 25. Rxe6 Qxb2 26. Re7 Rg6 27. Re2 Qb1+ 28. Kh2 a6 29. Qe5 Rxf3 30. Qxd5 Rh3+ 31. Kxh3 Qh1# 0-1

[Event "Early-Titled-Tuesday-Blitz-January-30-2024"]
[Site "Chess.com"]
[Date "2024.01.30"]
[Round "2"]
[White "IM_ArthurDW08"]
[Black "atalz0"]
[Result "1-0"]
[WhiteElo "2777"]
[BlackElo "2478"]
[TimeControl "180+1"]
[EndTime "8:17:50 PST"]
[Termination "IM_ArthurDW08 won by resignation"]

1. e4 d5 2. exd5 Nf6 3. Nf3 Nxd5 4. d4 Bg4 5. Be2 Nc6 6. h3 Bh5 7. c4 Nb6 8. d5 Bxf3 9. gxf3 Ne5 10. f4 Ng6 11. h4 e5 12. fxe5 Nxe5 13. Bf4 Bb4+ 14.
Kf1 Qf6 15. Bg5 Qf5 16. a3 Bc5 17. Rh2 h6 18. Bc1 O-O-O 19. b4 Bxf2 20. Rxf2 Qh3+ 21.
Kg1 Qxh4 22. Bf4 Nexc4 23. Bxc4 Nxc4 24. Qd3 Qg4+ 25. Kf1 Rhe8 26. Nc3 Ne5 27. Qg3 Qxg3 28. Bxg3 f6 29. Re2 g5 30. Rae1 Rd7 31. Bxe5 Rde7 32. Bxf6 1-0

[Event "Early-Titled-Tuesday-Blitz-January-30-2024"]
[Site "Chess.com"]
[Date "2024.01.30"]
[Round "2"]
[White "gshwbedhkhd"]
[Black "chito89"]
[Result "0-1"]
[WhiteElo "2587"]
[BlackElo "2891"]
[TimeControl "180+1"]
[EndTime "8:17:52 PST"]
[Termination "chito89 won by resignation"]

1. e4 Nc6 2. Nf3 d6 3. h3 Nf6 4. Nc3 e5 5. d4 exd4 6. Nxd4 g6 7.
Be3 Bg7 8. Qd2 O-O 9. O-O-O Re8 10. f3 Nxd4 11. Bxd4 Be6 12. g4 c5 13. Bf2 Qa5 14.
Kb1 Kh8 15. h4 b5 16. h5 b4 17. Nd5 Bxd5 18. exd5 Kg8 19. hxg6 hxg6 20. Bc4 Nd7 21. f4 Nb6 22. Bf1 Na4 23. f5 Bxb2 24. Bc4 Bg7 25.
c3 Nxc3+ 26. Kc1 Qa3+ 27. Kc2 Ne4 0-1

[Event "Early-Titled-Tuesday-Blitz-January-30-2024"]
[Site "Chess.com"]
[Date "2024.01.30"]
[Round "2"]
[White "Paladin61"]
[Black "NewYearGirl"]
[Result "1-0"]
[WhiteElo "2737"]
[BlackElo "2373"]
[TimeControl "180+1"]
[EndTime "8:17:54 PST"]
[Termination "Paladin61 won by resignation"]

1. e4 c5 2. Nf3 d6 3. d4 cxd4 4.
Qxd4 Nc6 5. Qd3 h6 6. c4 Nf6 7. Nc3 g6 8. h3 Bg7 9. Be2 O-O 10. O-O Nd7 11. Be3 b6 12. Qd2 Kh7 13. Rac1 Bb7 14.
Rfd1 Rc8 15. b3 Qc7 16. Nd5 Qb8 17. Nh2 Nf6 18. Nxf6+ exf6 19. Qxd6 Qa8 20. Ng4 Ne5 21. Nxf6+ Bxf6 22. Qxf6 Rce8 23. f4 Re6 24. Qh4 g5 25.
fxg5 Bxe4 26. Bf1 Rg8 27. Re1 Rgg6 28. Rcd1 Kg8 29. Bc1 hxg5 30. Qxe4 1-0

[Event "Early-Titled-Tuesday-Blitz-January-30-2024"]
[Site "Chess.com"]
[Date "2024.01.30"]
[Round "2"]
[White "Baku_Boulevard"]
[Black "Slovineanu"]
[Result "1-0"]
[WhiteElo "3051"]
[BlackElo "2434"]
[TimeControl "180+1"]
[EndTime "8:17:54 PST"]
[Termination "Baku_Boulevard won by resignation"]

1. e4 c6 2. Ne2 d5 3. e5 d4 4. c3 c5 5. b4 e6 6. bxc5 Bxc5 7.
Bb2 Nc6 8. cxd4 Bxd4 9. Nxd4 Nxd4 10. Qa4+ Nc6 11. Nc3 Ne7 12. Ne4 O-O 13. Be2 Qd5 14. O-O Nxe5 15. Nc3 Qxd2 16. Rab1 Bd7 17. Qa3 N7g6 18.
Bc1 Qd4 19. Be3 Qh4 20. Rxb7 Bc6 21. Rc7 Rac8 22. Rxc8 Rxc8 23. Qxa7 Nf4 24. Bxf4 Qxf4 25. Nd1 Ra8 26. Qc5 Rxa2 27. Re1 Ra1 28. Qc3 Qg5 29.
g3 Rc1 30. Qa3 Nf3+ 31. Bxf3 Bxf3 32. Qxf3 Qd2 33. Qa8+ 1-0

[Event "Early-Titled-Tuesday-Blitz-January-30-2024"]
[Site "Chess.com"]
[Date "2024.01.30"]
[Round "2"]
[White "artooon"]
[Black "Emp3rador"]
[Result "1-0"]
[WhiteElo "3000"]
[BlackElo "2618"]
[TimeControl "180+1"]
[EndTime "8:17:55 PST"]
[Termination "artooon won by resignation"]

1. e4 e5 2. Nf3 Nf6 3. Nc3 Nc6 4. Nd5 d6 5. Bc4 Nxd5 6. Bxd5 Be6 7. c4 Be7 8. O-O O-O 9. d3 Qc8 10. h3 Nd8 11. d4 exd4 12. Nxd4 Bd7 13. Nf5 Bf6 14. Qf3 Ne6 15. Be3 Nc5 16. e5 Bxf5 17. exf6 gxf6 18. Bh6 Re8 19. g4 Bg6 20. Qxf6 1-0

[Event "Early-Titled-Tuesday-Blitz-January-30-2024"]
[Site "Chess.com"]
[Date "2024.01.30"]
[Round "2"]
[White "aghasiyevkamal"]
[Black "simonachess"]
[Result "1-0"]
[WhiteElo "2590"]
[BlackElo "2361"]
[TimeControl "180+1"]
[EndTime "8:17:56 PST"]
[Termination "aghasiyevkamal won on time"]

1. d4 Nf6 2. c4 e6 3. Nc3 Bb4 4. e3 c5 5. Bd3 O-O 6. Nf3 d6 7. O-O Bxc3 8. bxc3 Nbd7 9. e4 e5 10. d5 h6 11. h3 b6 12. Kh2 Nh7 13.
g4 Rb8 14. Rg1 a6 15. g5 h5 16. Nh4 g6 17. Be3 b5 18. cxb5 axb5 19. Be2 c4 20. Bxh5 Qe8 21. Bg4 Nc5 22. Bxc8 Rxc8 23. Bxc5 Rxc5 24.
Qd2 Qe7 25. Rg4 Ra8 26. Nf3 Ra3 27. h4 Qb7 28. Rb1 Rc7 29. h5 Qa6 30. Rb2 b4 31.
Rxb4 Rxa2 32. Qe3 Ra3 33. Rb6 Qa5 34. hxg6 fxg6 35. Rxd6 Qxc3 36. Rxg6+ Kf7 37. Qxc3 Rxc3 38. Nxe5+ Kf8 39. Rf4+ Ke8 40. d6 1-0

[Event "Early-Titled-Tuesday-Blitz-January-30-2024"]
[Site "Chess.com"]
[Date "2024.01.30"]
[Round "2"]
[White "Iana_Shirova"]
[Black "Dinamo3"]
[Result "0-1"]
[WhiteElo "2103"]
[BlackElo "2466"]
[TimeControl "180+1"]
[EndTime "8:17:56 PST"]
[Termination "Dinamo3 won on time"]

1. e4 g6 2. Nf3 Bg7 3. d4 d6 4.
c3 Nf6 5. Be2 Nxe4 6. Be3 O-O 7.
O-O c5 8. Nbd2 cxd4 9. cxd4 Bf5 10. Bd3 Nxd2 11. Qxd2 Bxd3 12. Qxd3 d5 13. Rfc1 Nc6 14. a3 a5 15. b3 Qb6 16. Rab1 Rac8 17. Ne5 Rfd8 18. Nxc6 Rxc6 19. b4 axb4 20. Rxb4 Rxc1+ 21. Bxc1 Qc6 22. Be3 e6 23. Qb3 Rd7 24. a4 Bf8 25. Rb6 Qc8 26. a5 Bd6 27. h3 Qa8 28. Rb5 Rc7 29.
g3 h5 0-1

[Event "Early-Titled-Tuesday-Blitz-January-30-2024"]
[Site "Chess.com"]
[Date "2024.01.30"]
[Round "2"]
[White "krucki03"]
[Black "Imagine_Drag0n"]
[Result "1/2-1/2"]
[WhiteElo "2538"]
[BlackElo "2779"]
[TimeControl "180+1"]
[EndTime "8:17:58 PST"]
[Termination "Game drawn by agreement"]

1. d4 Nf6 2. Nf3 d5 3. c3 g6 4. g3 Bg7 5. Bg2 O-O 6. O-O b6 7. a4 a6 8. a5 b5 9. Nbd2 Bf5 10.
Nb3 Nbd7 11. Bf4 Nh5 12. Be3 c6 13. Nh4 Be6 14. Qd2 f5 15. Bh6 f4 16. Bxg7 Kxg7 17.
Nf3 Qc7 18. e3 fxg3 19. fxg3 Nhf6 20. Ng5 Bg8 21. Bh3 h6 22. Ne6+ Bxe6 23. Bxe6 Ne4 24. Qg2 Qd6 25. Bxd7 Qxd7 26. Nd2 Nd6 27. e4 Qe6 28.
exd5 Qxd5 29. Qxd5 cxd5 30. Rae1 Rxf1+ 31. Kxf1 Kf6 32. Ke2 Nc4 33. b4 Nxd2 34. Kxd2 1/2-1/2

[Event "Early-Titled-Tuesday-Blitz-January-30-2024"]
[Site "Chess.com"]
[Date "2024.01.30"]
[Round "2"]
[White "SirGerhard"]
[Black "kingandqueen2017"]
[Result "1-0"]
[WhiteElo "2769"]
[BlackElo "2471"]
[TimeControl "180+1"]
[EndTime "8:17:59 PST"]
[Termination "SirGerhard won by resignation"]

1. d4 Nf6 2. c4 e6 3. Nf3 d5 4.
g3 dxc4 5. Bg2 c6 6. Ne5 Bb4+ 7. Nc3 Nd5 8. Bd2 Nb6 9. a3 Be7 10. e3 N8d7 11. Qg4 Nxe5 12. dxe5 O-O 13. Ne4 Kh8 14. Rd1 Nd5 15. O-O Qc7 16. Nd6 b5 17. e4 Nb6 18. f4 Bxd6 19. exd6 Qd8 20. f5 e5 21.
Qh5 f6 22. g4 Qe8 23. Qh4 Na4 24. Bc1 c3 25. bxc3 Nxc3 26. Rde1 a5 27. Re3 b4 28. Rh3 h5 29. Bf3 g5 30. fxg6 Qxg6 31.
Kh1 Ra7 32. gxh5 Qh7 33. Rg3 Rg7 34. Rxg7 Qxg7 35. Rg1 Qh7 36. Rg6 f5 37. Rh6 fxe4 38.
Rxh7+ Kxh7 39. Qe7+ Kg8 40. Bh6 Rf7 41. Qe8+ Kh7 42.
Qxf7+ Kxh6 43. Qf6+ Kh7 44. Bg2 e3 45. h6 1-0

[Event "Early-Titled-Tuesday-Blitz-January-30-2024"]
[Site "Chess.com"]
[Date "2024.01.30"]
[Round "2"]
[White "Bauman_Guy"]
[Black "HajiyevKanan"]
[Result "1-0"]
[WhiteElo "2879"]
[BlackElo "2581"]
[TimeControl "180+1"]
[EndTime "8:18:00 PST"]
[Termination "Bauman_Guy won on time"]

1. e4 c6 2. d4 d5 3. e5 a6 4. Bd3 c5 5. c3 Nc6 6. Ne2 Bg4 7. f3 Bd7 8. O-O Qb6 9. Be3 e6 10.
Bf2 Qxb2 11. Nd2 c4 12. Bc2 b5 13. a4 b4 14. Rb1 Qa3 15. Ra1 Qb2 16. Rb1 Qa3 17.
cxb4 Bxb4 18. f4 Nge7 19. f5 Nxf5 20. Bxf5 exf5 21. Nf4 Be6 22. Nxc4 dxc4 23. d5 O-O-O 24. Qe2 Rxd5 25. Qxc4 Rc5 26. Qxa6+ Kc7 27. Bxc5 Bxc5+ 28. Kh1 Bb4 29. Rfc1 Bd7 30. Nd5+ Kd8 31. Qa8+ 1-0

[Event "Early-Titled-Tuesday-Blitz-January-30-2024"]
[Site "Chess.com"]
[Date "2024.01.30"]
[Round "2"]
[White "Binary010"]
[Black "Grossboss19"]
[Result "1-0"]
[WhiteElo "2907"]
[BlackElo "2595"]
[TimeControl "180+1"]
[EndTime "8:18:02 PST"]
[Termination "Binary010 won by resignation"]

1. e4 e6 2. d4 d5 3. e5 c5 4. c3 Qb6 5. Nf3 Bd7 6. Be2 Bb5 7. O-O Bxe2 8. Qxe2 Qa6 9. Qe3 Ne7 10. dxc5 Nf5 11. Qf4 Bxc5 12. g4 Ne7 13. b4 Ng6 14. Qg3 Be7 15.
Be3 Nd7 16. a4 Qd3 17. Na3 h5 18. Rfd1 Qe4 19. Rd4 h4 20. Qh3 Rc8 21. Rxe4 dxe4 22. Nd2 Ndxe5 23. Nxe4 O-O 24. f4 f5 25. gxf5 exf5 26.
fxe5 fxe4 27. Qg4 Rc6 28. Qxe4 Re6 29. Qd5 1-0

[Event "Early-Titled-Tuesday-Blitz-January-30-2024"]
[Site "Chess.com"]
[Date "2024.01.30"]
[Round "2"]
[White "frederiksvane"]
[Black "Natalya_Buksa"]
[Result "1-0"]
[WhiteElo "2919"]
[BlackElo "2603"]
[TimeControl "180+1"]
[EndTime "8:18:03 PST"]
[Termination "frederiksvane won by resignation"]

1. e4 c5 2. Nc3 Nc6 3. g3 g6 4. Bg2 Bg7 5. d3 d6 6. Be3 e5 7. h4 h5 8. Qd2 Rb8 9. a4 a6 10. Nf3 b5 11. axb5 axb5 12. O-O Nge7 13. Nd5 Nxd5 14. exd5 Ne7 15. Ng5 O-O 16. c4 Nf5 17. Ra2 Qb6 18. b3 b4 19. Rfa1 Nxe3 20. Qxe3 e4 21.
dxe4 Bxa1 22. Rxa1 f6 23. Nh3 Kg7 24. Nf4 Bd7 25.
Bh3 Bxh3 26. Nxh3 Ra8 27. Re1 Qa7 28. Nf4 Rf7 29. Ne6+ Kh7 30. Qf4 Qe7 31. Kg2 Ra3 32. Re3 Ra1 33. g4 Rc1 34. gxh5 gxh5 35. Qf5+ Kh8 36.
Rg3 Rh7 37. Nf4 Qd8 38. Ng6+ Kg7 39. Ne7+ Kh8 40. Qxf6+ 1-0

[Event "Early-Titled-Tuesday-Blitz-January-30-2024"]
[Site "Chess.com"]
[Date "2024.01.30"]
[Round "2"]
[White "FabianoCaruana"]
[Black "Roman_Ovetchkin"]
[Result "1-0"]
[WhiteElo "3054"]
[BlackElo "2638"]
[TimeControl "180+1"]
[EndTime "8:18:04 PST"]
[Termination "FabianoCaruana won by resignation"]

1. b3 Nf6 2. Bb2 g6 3. g3 Bg7 4. Bg2 O-O 5. Nf3 d6 6. O-O e5 7. d3 Nc6 8. c4 Nh5 9. Nc3 f5 10. e3 f4 11. Ne4 fxe3 12. fxe3 Bh6 13. Qe2 Qe7 14. Nfd2 Bd7 15. Nc3 Rxf1+ 16. Rxf1 Rf8 17. Rxf8+ Qxf8 18. Nd5 Qd8 19. Ne4 Ne7 20. Nef6+ Nxf6 21. Nxf6+ Kg7 22. Nxd7 Qxd7 23. d4 Qf5 24. dxe5 dxe5 25. Bf3 Nc6 26. Kg2 Qg5 27. h4 Qxe3 28. Qxe3 Bxe3 29.
Bxc6 bxc6 30. Bxe5+ Kf7 31. Bxc7 h5 32. Kf3 Bc5 33. Bf4 Ke6 34. Be3 Kd6 35. Bxc5+ Kxc5 36. g4 Kb4 37. gxh5 gxh5 38. Kf4 a5 39. Kg5 Ka3 40.
Kxh5 Kxa2 41. Kg4 Kxb3 42. h5 1-0

[Event "Early-Titled-Tuesday-Blitz-January-30-2024"]
[Site "Chess.com"]
[Date "2024.01.30"]
[Round "2"]
[White "Agibileg"]
[Black "Smile2005"]
[Result "1-0"]
[WhiteElo "2764"]
[BlackElo "2461"]
[TimeControl "180+1"]
[EndTime "8:18:04 PST"]
[Termination "Agibileg won by resignation"]

1. d4 Nf6 2. c4 e6 3. Nc3 Bb4 4.
e3 O-O 5. Bd3 c5 6. Ne2 d5 7.
cxd5 cxd4 8. exd4 Nxd5 9. O-O Nc6 10. a3 Be7 11. Re1 Bf6 12. Qc2 h6 13. Nxd5 Qxd5 14. Be4 Nxd4 15. Nxd4 Qxd4 16. Rd1 Qe5 17. Rb1 Rb8 18.
g3 g5 19. b4 Qc3 20. Qe2 Bg7 21. h4 gxh4 22. Bb2 Qc7 23. Bxg7 Kxg7 24. Qg4+ Kh8 25. Qxh4 f5 26. Qxh6+ Kg8 27. Bf3 Qg7 28. Qf4 Bd7 29.
Rd6 e5 30. Bd5+ Rf7 31. Bxf7+ Kf8 32. Qh4 Qxf7 33. Rf6 1-0

[Event "Early-Titled-Tuesday-Blitz-January-30-2024"]
[Site "Chess.com"]
[Date "2024.01.30"]
[Round "2"]
[White "Mourinho_Jose"]
[Black "jasonbolivar"]
[Result "1-0"]
[WhiteElo "2533"]
[BlackElo "2275"]
[TimeControl "180+1"]
[EndTime "8:18:04 PST"]
[Termination "Mourinho_Jose won on time"]

1. e4 c5 2. Nf3 d6 3. Bb5+ Bd7 4. Bxd7+ Qxd7 5. c4 Nc6 6. Nc3 g6 7. d4 cxd4 8. Nxd4 Bg7 9. Be3 Nf6 10. f3 O-O 11. O-O a6 12. Nde2 Rfc8 13. Na4 Qd8 14. Nb6 Nd7 15. Nxa8 Rxa8 16. Rb1 Qa5 17. a4 Nc5 18. b3 Nb4 19. Qd2 Rc8 20. Kh1 Ncd3 21. Bd4 Bxd4 22. Nxd4 Qc5 23. Nc2 a5 24. Nxb4 Nxb4 25.
Rbd1 Qh5 26. Qd4 Rc5 27. Rfe1 Nc2 28. Qc3 Nxe1 29. Qxe1 Qe5 30. Qd2 h5 31. h3 Qg3 32.
Qc3 Rg5 33. Qd2 Rc5 34. Qe2 Qe5 35. Qe3 Qb2 36. f4 Qc2 37. Rf1 e6 38. e5 Rc6 39.
Rf2 Qd1+ 40. Kh2 dxe5 41. fxe5 Qd7 42. Rd2 Qc7 43. Qf4 Rc5 44. Re2 Kg7 45. Qf6+ Kg8 46.
Kg3 b6 47. Kf4 1-0

[Event "Early-Titled-Tuesday-Blitz-January-30-2024"]
[Site "Chess.com"]
[Date "2024.01.30"]
[Round "2"]
[White "vladgoncharov"]
[Black "stepanosinovsky"]
[Result "1-0"]
[WhiteElo "2635"]
[BlackElo "2377"]
[TimeControl "180+1"]
[EndTime "8:18:05 PST"]
[Termination "vladgoncharov won on time"]

1. d4 e6 2. c4 g6 3. g3 Bg7 4. Bg2 Nf6 5. Nc3 O-O 6. Nf3 Na6 7. O-O c5 8. e4 cxd4 9. Nxd4 Qc7 10. Qe2 d6 11. Rd1 Rd8 12. Bf4 e5 13. Ndb5 Qc6 14. Bg5 Be6 15. b3 h6 16. Bxf6 Bxf6 17. Nd5 Bxd5 18.
exd5 Qb6 19. Rac1 Bg7 20. h4 h5 21. g4 hxg4 22. Qxg4 Nc5 23. h5 a6 24. Nc3 gxh5 25. Qxh5 Qc7 26. Ne4 Nxe4 27. Bxe4 Qe7 28. Rc3 Kf8 29.
Rf3 Ke8 30. Rxf7 1-0

[Event "Early-Titled-Tuesday-Blitz-January-30-2024"]
[Site "Chess.com"]
[Date "2024.01.30"]
[Round "2"]
[White "Ginger_GM"]
[Black "ritanovikova"]
[Result "1-0"]
[WhiteElo "2685"]
[BlackElo "2205"]
[TimeControl "180+1"]
[EndTime "8:18:06 PST"]
[Termination "Ginger_GM won by resignation"]

1. d4 d5 2. Nc3 Nf6 3. Bf4 Bf5 4.
e3 c6 5. Nf3 e6 6. Ne5 h6 7. g4 Bh7 8. h4 Ne4 9. Nxe4 dxe4 10.
g5 Nd7 11. Nc4 Nb6 12. Qg4 Bf5 13. Qg3 Nxc4 14. Bxc4 hxg5 15. Bxg5 Qa5+ 16. c3 f6 17. Bf4 O-O-O 18. O-O-O Re8 19. h5 Qa4 20. Bb3 Qa5 21. Kb1 Qd8 22. Ka1 Qd7 23. f3 Rd8 24.
Qg2 Rh7 25. fxe4 e5 26. dxe5 1-0

[Event "Early-Titled-Tuesday-Blitz-January-30-2024"]
[Site "Chess.com"]
[Date "2024.01.30"]
[Round "2"]
[White "Witty_Alien"]
[Black "Andrey_Klymchuk"]
[Result "0-1"]
[WhiteElo "2341"]
[BlackElo "2719"]
[TimeControl "180+1"]
[EndTime "8:18:07 PST"]
[Termination "Andrey_Klymchuk won by resignation"]

1. e4 c5 2. Nf3 Nc6 3. d4 cxd4 4. c3 dxc3 5. Bc4 c2 6. Qxc2 e6 7. O-O Nge7 8. Re1 Ng6 9. Nc3 d6 10. Bg5 Be7 11. Bxe7 Qxe7 12. Rad1 O-O 13. Nb5 Rd8 14. h4 a6 15. Nc3 Nxh4 16. Re3 Ng6 17. a4 Bd7 18. Nd4 Rac8 19. Nf5 exf5 20. exf5 Nge5 21. f4 Qh4 22. Nd5 Nb4 23. Qb3 Nxc4 24. Rh3 Qxh3 25.
Qxh3 Nxd5 26. Rxd5 Re8 27. Qg3 Re3 28. Qf2 Rce8 29. f6 Bc6 30. b3 Bxd5 31. bxc4 Re2 32.
Qg3 Rxg2+ 33. Qxg2 Bxg2 0-1

[Event "Early-Titled-Tuesday-Blitz-January-30-2024"]
[Site "Chess.com"]
[Date "2024.01.30"]
[Round "2"]
[White "Duhless"]
[Black "CarlosjPineror"]
[Result "1-0"]
[WhiteElo "3100"]
[BlackElo "2657"]
[TimeControl "180+1"]
[EndTime "8:18:08 PST"]
[Termination "Duhless won by resignation"]

1. d4 Nf6 2. Nf3 e6 3. c4 c5 4. g3 cxd4 5. Nxd4 Nc6 6. Bg2 a6 7. O-O Qc7 8. Nc3 Be7 9. Be3 d6 10. Rc1 Ne5 11. b3 O-O 12. h3 Bd7 13. Qd2 Rac8 14.
Rfd1 Qb8 15. a4 Rfe8 16. g4 h6 17. f4 Ng6 18. Nf3 b5 19. axb5 axb5 20. cxb5 Bxb5 21.
Nxb5 Qxb5 22. Nd4 Qd7 23. Bc6 Rxc6 24. Nxc6 Ne4 25. Qd3 Nf6 26. b4 Bf8 27. b5 Nd5 28. b6 Ngxf4 29. Bxf4 Nxf4 30. Qa6 Nxh3+ 31. Kh2 Nf4 32.
Qa7 Qc8 33. Ne7+ Bxe7 34. Rxc8 Rxc8 35. Qxe7 Rc2 36. Qd8+ Kh7 37. Qxd6 g5 38. b7 Rxe2+ 39. Kh1 1-0

[Event "Early-Titled-Tuesday-Blitz-January-30-2024"]
[Site "Chess.com"]
[Date "2024.01.30"]
[Round "2"]
[White "Manukyan_Artak"]
[Black "VitaliyBernadskiy"]
[Result "0-1"]
[WhiteElo "2602"]
[BlackElo "2916"]
[TimeControl "180+1"]
[EndTime "8:18:09 PST"]
[Termination "VitaliyBernadskiy won on time"]

1. e4 c5 2. Nf3 d6 3. Bb5+ Nd7 4. O-O Nf6 5. Re1 a6 6. Bd3 b6 7. c3 Bb7 8. Bc2 Rc8 9. d4 e6 10. e5 dxe5 11. dxe5 Nd5 12. Nbd2 h6 13. Ne4 c4 14. h4 Nc5 15. Nxc5 Bxc5 16. Qe2 b5 17. a3 Qb6 18. h5 Ne7 19. Rf1 O-O 20. Be4 Rfd8 21.
Bxb7 Qxb7 22. Be3 Bxe3 23. Qxe3 Rd3 24. Qf4 Rcd8 25. Rae1 Nf5 26. Re2 Qd5 27. Rfe1 a5 28. Nh4 Nxh4 29. Qxh4 Rd2 30. Qg4 Qd3 31. Rxd2 Qxd2 32.
Qe2 Qxe2 33. Rxe2 Rd1+ 34. Kh2 Kf8 35. g4 a4 36. Kg2 Ke7 37. Kf3 Kd7 38. Ke3 Kc6 39.
f3 Kd5 40. Kf4 Rd3 41. Kg3 b4 42. axb4 a3 43. bxa3 Rxc3 44. Rd2+ Kxe5 45. Rd7 Rxa3 46.
Rxf7 c3 47. Rxg7 Kd6 48. Rg8 Ra7 49. Rd8+ Rd7 50. Rc8 Rc7 51. Rd8+ Ke5 52. Rd1 c2 53. f4+ Ke4 54. Rc1 Rc3+ 55. Kh4 Kxf4 56. b5 Ke3 0-1

[Event "Early-Titled-Tuesday-Blitz-January-30-2024"]
[Site "Chess.com"]
[Date "2024.01.30"]
[Round "2"]
[White "ilya2700"]
[Black "masnyszachistaaa"]
[Result "0-1"]
[WhiteElo "2331"]
[BlackElo "2551"]
[TimeControl "180+1"]
[EndTime "8:18:09 PST"]
[Termination "masnyszachistaaa won by resignation"]

1. e4 c5 2. c4 e6 3. Ne2 d5 4. cxd5 exd5 5. exd5 Nf6 6. Nbc3 Nxd5 7.
d4 Nxc3 8. bxc3 Be7 9. g3 Qd5 10. Rg1 O-O 11. Bg2 Qf5 12. Be3 cxd4 13. Nxd4 Qa5 14.
Qc2 Nd7 15. Rd1 Nb6 16. Nb3 Qa4 17. Rd4 Qa3 18. Bc1 Qa6 19. Bf1 Bf5 20. Qb2 Na4 21. Qd2 Qc6 22. Rc4 Qe6+ 23. Be2 Nb6 24. Rd4 Bf6 25. Rd6 Qe7 26. c4 Nxc4 0-1

[Event "Early-Titled-Tuesday-Blitz-January-30-2024"]
[Site "Chess.com"]
[Date "2024.01.30"]
[Round "2"]
[White "tuschessCM1"]
[Black "Al_Shima"]
[Result "0-1"]
[WhiteElo "2689"]
[BlackElo "2338"]
[TimeControl "180+1"]
[EndTime "8:18:10 PST"]
[Termination "Al_Shima won by resignation"]

1. c4 e5 2. g3 Nf6 3. Bg2 c6 4. Nf3 e4 5. Nd4 d5 6. cxd5 cxd5 7. d3 exd3 8. Qxd3 Nc6 9. O-O Bd6 10. Nc3 Be5 11. Nf3 Bxc3 12. Qxc3 O-O 13. Bg5 Ne4 14.
Qc1 Nxg5 15. Nxg5 h6 16. Nh3 Bxh3 17. Bxh3 Qf6 18. Bg2 Rad8 19. Rd1 Ne7 20. Rd3 b6 21. Qd2 Rd7 22. Rd1 Rfd8 23. e3 g6 24. h4 h5 25. Qb4 Kg7 26. R1d2 Nc6 27. Qb5 Ne5 28. Rxd5 Rxd5 29. Qxd5 Rxd5 30. Rxd5 Nf3+ 31. Kf1 Ne5 32.
b3 Ng4 33. Rd2 Nxe3+ 34. Kg1 Qa1+ 35. Kh2 Qe1 36. Rb2 Ng4+ 37. Kh3 Nxf2+ 38. Kh2 Ng4+ 39. Kh3 Qg1 40. Bf3 Nf2+ 41. Rxf2 Qxf2 42. Bg2 Qxa2 43. b4 Qc4 44. Bf3 Qxb4 45. g4 hxg4+ 46. Bxg4 a5 47. h5 gxh5 48. Bxh5 a4 49. Bf3 a3 50. Bd5 Qc3+ 51.
Kg4 Qd4+ 52. Kg3 Qxd5 53. Kg4 a2 0-1

[Event "Early-Titled-Tuesday-Blitz-January-30-2024"]
[Site "Chess.com"]
[Date "2024.01.30"]
[Round "2"]
[White "SoyuzTM4"]
[Black "otrov-11"]
[Result "0-1"]
[WhiteElo "2196"]
[BlackElo "2501"]
[TimeControl "180+1"]
[EndTime "8:18:11 PST"]
[Termination "otrov-11 won on time"]

1. e4 e6 2. d4 d5 3. e5 c5 4. c3 Nc6 5. Nf3 Qb6 6. a3 c4 7.
g3 Bd7 8. Bg2 Nge7 9. O-O h6 10.
h4 Na5 11. Nbd2 Nc8 12. Bh3 Qc7 13. Nh2 Nb6 14. f4 O-O-O 15. Nhf3 f6 16. exf6 gxf6 17. Re1 Re8 18. Rb1 Rg8 19. Nf1 Bd6 20. Kh2 Nc6 21.
b3 cxb3 22. Qxb3 e5 23. Bxd7+ Qxd7 24. dxe5 fxe5 25. fxe5 Nxe5 26. Nxe5 Bxe5 27. Bxh6 Qg4 28. c4 Qxh4+ 29. Kg2 Qxh6 30. cxd5 Bd6 31. Rbc1+ Kb8 32. a4 Qg5 33. a5 Qxd5+ 34. Qxd5 Nxd5 35. Red1 Re5 36. a6 bxa6 37. Rc6 Bc7 0-1

[Event "Early-Titled-Tuesday-Blitz-January-30-2024"]
[Site "Chess.com"]
[Date "2024.01.30"]
[Round "2"]
[White "Alenzer"]
[Black "tusplingher"]
[Result "0-1"]
[WhiteElo "2138"]
[BlackElo "2482"]
[TimeControl "180+1"]
[EndTime "8:18:11 PST"]
[Termination "tusplingher won by resignation"]

1. e4 c5 2. Nf3 d6 3. c3 Nf6 4. h3 g6 5. Bd3 Bg7 6. Bc2 O-O 7. O-O Nc6 8. Re1 d5 9. e5 Ne8 10. d4 cxd4 11. cxd4 Nc7 12. Nc3 b6 13. a3 Bb7 14. b4 Rc8 15. Bb3 Ba6 16. Be3 Bc4 17.
Bc2 a5 18. Rb1 axb4 19. axb4 b5 20. Qd2 Ra8 21. Bh6 Ne6 22. Bxg7 Kxg7 23. Rec1 Qb6 24. Ne2 Bxe2 25. Qxe2 Ncxd4 26. Qd3 Nf4 27. Qxd4 Ne2+ 0-1